AoeStats
← Pillage The Village

Yucatan

503446453Analyzed
3v3 RM · 1mo ago on Aug 31, 2026· 62m 28s· 6 players
Game mode
Random Map
Map size
Normal (6 player)
Population
200
Speed
Normal
Resources
Standard
Victory
Conquest
Starting age
Dark Age
Ending age
Imperial Age
RankedLock teamsTeams togetherTeam positionsShared explorationLock speedFull tech treeHidden civsTurbo modeCheats
Victory
Defeat
🇧🇪 Mongols · Belgium
1211
+8
🇧🇪 Saracens · Belgium
1174
+9
🇧🇪 Hindustanis · Belgium
1094
+13
🇫🇷 Franks · France
1090
-13
🇦🇷 Maya · Argentina
1041
-11
🇫🇷 Mongols · France
928
-7
AABYBRUNO
0:46 Loom
13:31 Feudal Age
16:13 Double-Bit Axe
16:19 Gold Mining
16:21 Stone Mining
19:44 Castle Age
20:28 Forging
20:19 Scale Mail Armor
20:10 Fletching
20:20 Padded Archer Armor
21:18 Horse Collar
26:12 Stone Shaft Mining
25:56 Heavy Plow
27:13 Wheelbarrow
27:30 Eagle Warrior
29:25 Pikeman
30:06 Squires
32:35 Hand Cart
32:51 Bow Saw
33:56 Hul'che Javelineers
33:21 Elite Skirmisher
36:35 Imperial Age
36:42 Iron Casting
36:24 Leather Archer Armor
37:07 Halberdier
39:26 Chemistry
38:21 Capped Ram
40:08 Blast Furnace
40:03 Bodkin Arrow
40:38 Ring Archer Armor
40:24 Chain Mail Armor
40:40 Elite Eagle Warrior
42:22 Thumb Ring
42:34 Bracer
43:39 Crop Rotation
44:22 Two-Man Saw
43:21 Siege Ram
47:49 Plate Mail Armor
47:45 Ballistics
47:41 Fortified Wall
47:29 Murder Holes
48:06 Elite Plumed Archer
49:48 Onager
59:37 Holcans
Maître Cho
0:39 Loom
11:05 Feudal Age
16:56 Castle Age
15:49 Forging
18:54 Double-Bit Axe
20:51 Husbandry
23:25 Iron Casting
26:42 Scale Barding Armor
28:28 Wheelbarrow
28:42 Chain Barding Armor
33:42 Hand Cart
34:01 Fletching
35:22 Ballistics
34:59 Bodkin Arrow
41:00 Imperial Age
41:10 Cavalier
43:27 Chemistry
43:21 Conscription
43:26 Chivalry
44:52 Plate Barding Armor
48:03 Paladin
50:11 Blast Furnace
60:33 Gold Mining
Marmotte_Hargneuse
7:24 Loom
10:18 Feudal Age
10:48 Double-Bit Axe
16:03 Castle Age
15:23 Stone Mining
20:00 Bow Saw
20:46 Fletching
22:08 Bodkin Arrow
25:08 Wheelbarrow
28:07 Hand Cart
31:28 Scale Barding Armor
32:14 Town Watch
36:03 Ballistics
44:54 Imperial Age
45:59 Padded Archer Armor
52:49 Nomads
52:18 Light Cavalry
54:44 Hussar
55:27 Husbandry
56:33 Horse Collar
58:03 Forging
59:03 Heavy Plow
61:48 Chain Barding Armor
Pillage The Village
8:16 Loom
11:09 Feudal Age
15:32 Castle Age
13:41 Double-Bit Axe
14:19 Stone Mining
14:22 Gold Mining
15:47 Forging
17:59 Husbandry
18:39 Bow Saw
27:16 Horse Collar
31:58 Iron Casting
31:29 Scale Barding Armor
31:37 Bloodlines
32:48 Gold Shaft Mining
36:17 Wheelbarrow
36:07 Heavy Plow
36:24 Town Watch
37:19 Chain Barding Armor
39:06 Ballistics
41:46 Imperial Age
39:32 Hand Cart
39:53 Town Patrol
40:32 Fletching
41:50 Elite Mameluke
42:56 Conscription
43:38 Blast Furnace
43:14 Plate Barding Armor
43:45 Bodkin Arrow
45:26 Hoardings
47:02 Chemistry
46:12 Fortified Wall
45:58 Murder Holes
46:09 Siege Engineers
46:46 Fishing Lines
48:18 Counterweights
50:42 Bracer
50:32 Arrowslits
50:29 Treadmill Crane
50:59 Masonry
51:45 Padded Archer Armor
52:51 Two-Man Saw
52:21 Light Cavalry
54:25 Devotion
54:27 Herbal Medicine
54:57 Heresy
54:58 Fervor
57:52 Bimaristan
58:16 Leather Archer Armor
58:01 Scale Mail Armor
58:33 Coinage
58:04 Caravan
58:21 Redemption
58:12 Atonement
58:32 Sanctity
58:33 Faith
58:39 Illumination
58:30 Block Printing
58:50 Theocracy
58:36 Heresy
57:41 Hussar
57:42 Heavy Camel Rider
57:45 Pikeman
58:25 Squires
58:10 Gambesons
58:11 Arson
57:47 Man-at-Arms
60:03 Ring Archer Armor
59:52 Careening
59:52 Clinker Construction
59:48 Siphons
59:33 Guard Tower
59:58 Medium Warships
59:09 Demolition Ship
59:09 Elite Cannon Galleon
59:41 Gillnets
59:17 Elite Cannon Galleon
61:24 Heavy Warships
Myll_Barka
3:13 Loom
9:59 Feudal Age
11:43 Double-Bit Axe
16:16 Castle Age
14:20 Horse Collar
15:26 Bloodlines
15:24 Scale Barding Armor
16:53 Forging
17:51 Bow Saw
18:29 Heavy Plow
25:26 Wheelbarrow
26:55 Hand Cart
29:13 Gold Mining
29:13 Stone Mining
30:00 Fletching
30:10 Padded Archer Armor
30:32 Chain Barding Armor
30:06 Fletching
30:17 Padded Archer Armor
31:44 Husbandry
32:24 Bodkin Arrow
31:59 Light Cavalry
33:50 Iron Casting
33:49 Ballistics
34:43 Leather Archer Armor
37:56 Imperial Age
35:57 Elite Skirmisher
36:43 Thumb Ring
38:31 Gold Shaft Mining
38:31 Stone Shaft Mining
37:59 Hussar
38:26 Heavy Cavalry Archer
40:03 Elite Mangudai
41:42 Bracer
42:43 Blast Furnace
44:55 Chemistry
57:17 Siege Engineers
COMMANDER SANDER
11:28 Feudal Age
13:07 Loom
15:26 Wheelbarrow
18:57 Castle Age
18:49 Forging
18:44 Scale Barding Armor
19:32 Double-Bit Axe
19:56 Husbandry
21:37 Bloodlines
21:46 Horse Collar
24:47 Hand Cart
27:29 Gold Mining
27:31 Stone Mining
27:44 Heavy Plow
28:40 Bow Saw
29:35 Chain Barding Armor
29:43 Elite Skirmisher
30:46 Town Watch
38:27 Imperial Age
39:00 Heavy Camel Rider
40:27 Iron Casting
40:28 Plate Barding Armor
40:41 Gold Shaft Mining
41:05 Conscription
42:13 Blast Furnace
41:58 Imperial Camel Rider
44:08 Two-Man Saw
43:29 Padded Archer Armor
43:20 Fletching
57:23 Siege Elephant
59:13 Chemistry
58:34 Ballistics
Connection lost

Rejoining the realm…

Still unreachable

The connection could not be restored.

Session expired

The server has moved on; the page needs a fresh start.